 Dungeon Crawl Stone Soup version 0.30-a0-913-g9934a0ce24 (webtiles) character file.

Game seed: 11209780233369406331

3 Jeffwins the Stinger (level 1, 0/13 HPs)
             Began as a Human Wanderer on Mar 19, 2023.
             Slain by a jackal (2 damage)
             ... on level 1 of the Dungeon.
             The game lasted 00:00:38 (92 turns).

Jeffwins the Stinger (Human Wanderer)                 Turns: 92, Time: 00:00:38

Health: 0/13       AC:  0    Str: 12    XL:     1   Next: 55%
Magic:  0/2        EV: 11    Int: 15    God:
Gold:   8          SH:  0    Dex:  9    Spells: 1/2 levels left

rFire   . . .      SeeInvis .    a - +0 club
rCold   . . .      Faith    .    (no shield)
rNeg    . . .      Spirit   .    (no body armour)
rPois   .          Reflect  .    (no helmet)
rElec   .          Rampage  .    (no cloak)
rCorr   .                        (no gloves)
Will    .....                    (no boots)
Stlth   +                        (no amulet)
HPRegen 0.22/turn                (no ring)
MPRegen 0.08/turn                (no ring)

@: no status effects
A: no striking features
a: no special abilities


You were on level 1 of the Dungeon.
You visited 1 branch of the dungeon, and saw 1 of its levels.

You collected 8 gold pieces.


   Skills:
 - Level 2.0 Armour
 - Level 1.0 Dodging
 * Level 1.1 Spellcasting
 - Level 2.0 Conjurations
 * Level 0.3 Transmutations
 * Level 4.0 Poison Magic


You had one spell level left.
You knew the following spells:

 Your Spells              Type           Power      Damage    Failure   Level
z - Sting                 Tmut/Pois      28%        1d4       10%         1

Your spell library contained the following spells:

 Spells                   Type           Power      Damage    Failure   Level
 Magic Dart               Conj           24%        1d4       11%         1
 Ignite Poison            Fire/Tmut/Pois 5%         N/A       38%         3
 Olgreb's Toxic Radiance  Pois           13%        N/A       41%         4
 Dazzling Flash           Conj/Hex       6%         N/A       43%         3

Inventory:

Hand Weapons
 a - a +0 club (weapon)

Dungeon Overview and Level Annotations

Branches:
Dungeon (1/15)

Altars:

####.# #.#
#.# #.# ##.#
#..# #.##
#.# #@# #h#
#h# #.# #.#
##.## #...#
#..........#
#####...##.#


You could see 2 jackals.


Message History

Unknown command.
You barely miss the jackal.
The jackal is almost dead.
The jackal misses you. The jackal bites you.
You hit the jackal.
You kill the jackal!
You hit the goblin.
The goblin is moderately wounded.
The goblin closely misses you. The goblin hits you with a +0 dagger.
Casting: Sting (safe; 11% risk of failure)
Confirm with . or Enter, or press ? or * to list all spells.
Aiming: Sting (safe; 11% risk of failure)
Press: ? - help, Shift-Dir - straight line, f - goblin
Aim: a goblin, wielding a +0 dagger (moderately wounded, 60% to hit)
The sting hits the goblin.
The goblin is poisoned.
You kill the goblin!
The jackal barely misses you.
Unknown command.
You closely miss the jackal. The jackal bites you. x2
* * * LOW HITPOINT WARNING * * *
You hit the jackal.
The jackal is lightly wounded.
The jackal bites you.
* * * LOW HITPOINT WARNING * * *
You closely miss the jackal.
The jackal is lightly wounded.
The jackal bites you.
* * * LOW HITPOINT WARNING * * *
The jackal bites you.
You die...

Action                     || total
---------------------------++-------
  Melee: Club              ||     7
   Cast: Sting             ||     4
    Use: Potion            ||     1
  Dodge: Dodged            ||     6

Levels and vault maps discovered:
D:1:      dpeg_arrival_tiny_c, layout_loops_ring

Notes
Turn   | Place    | Note
-------+----------+-------------------------------------------
     0 | D:1      | Jeffwins the Human Wanderer began the quest for the Orb.
     0 | D:1      | Jeffwins set off with the following items: a +0 club, a
                  | potion of heal wounds {@q2}, a +0 scale mail; and the
                  | following spells available to memorise: Magic Dart, Sting,
                  | Ignite Poison, Dazzling Flash, Olgreb's Toxic Radiance.
     0 | D:1      | Reached XP level 1. HP: 13/13 MP: 2/2
     2 | D:1      | Learned a level 1 spell: Sting
    92 | D:1      | Slain by a jackal

Vanquished Creatures
  A goblin (D:1)
  A jackal (D:1)
  A rat (D:1)
3 creatures vanquished.

Table legend: (Time is in decaauts)
 A = Elapsed time spent in this place.
 B = Non-inter-level travel time spent in this place.
 C = Inter-level travel time spent in this place.
 D = Time resting spent in this place.
 E = Time spent auto-exploring this place.
 F = Levels seen in this place.
 G = Mean time per level.
                   A        B        C        D        E       F      G
               +--------+--------+--------+--------+--------+-----+--------+
         Total |     93 |     93 |      0 |      0 |     61 |   1 |   93.0 |
       Dungeon |     93 |     93 |      0 |      0 |     61 |   1 |   93.0 |
               +--------+--------+--------+--------+--------+-----+--------+

Top non-repeatable levels by time:
     D:1: 93 daAuts

Table legend:
 A = Non-vault XP
 B = Vault XP
 C = Vault XP percentage of total XP
 D = Non-vault monster count
 E = Vault monster count
 F = Vault count percentage of total count
                 A         B        C        D         E       F
            +---------+---------+-------+---------+---------+-------
      Total |       5 |       0 |   0.0 |       3 |       0 |   0.0
            +---------+---------+-------+---------+---------+-------
        D:1 |       5 |       0 |   0.0 |       3 |       0 |   0.0
            +---------+---------+-------+---------+---------+-------
